 Dungeon Crawl Stone Soup version 0.28-a0-1624-g820543e53a (webtiles) character file.

Game seed: 10503071429226051071

47812 hashsling the Covert (level 14, -4/141 HPs)
             Began as a Gargoyle Fighter on Jan 23, 2022.
             Was the Champion of Elyvilon.
             Slain by a cane toad (12 damage)
             ... on level 6 of the Lair of Beasts.
             The game lasted 01:24:43 (20883 turns).

hashsling the Covert (Gargoyle Fighter)            Turns: 20883, Time: 01:24:45

Health: -4/141     AC: 27    Str: 27    XL:     14   Next: 43%
Magic:  13/18      EV:  2    Int: 10    God:    Elyvilon [******]
Gold:   959        SH: 19    Dex: 24    Spells: 11/13 levels left

rFire   x . .      SeeInvis .   x - +10 mace "Nuokil" {vorpal, rElec rF- Dex+5}
rCold   + + .      Faith    .   j - +1 kite shield {rC+}
rNeg    + . .      Spirit   .   (armour currently unavailable)
rPois   ∞          Reflect  +   (helmet currently unavailable)
rElec   +          Harm     .   (cloak currently unavailable)
rCorr   .          Rampage  .   (gloves currently unavailable)
Will    +....      NoTele   +   (boots currently unavailable)
Stlth   ++++++....              l - amulet of Odupteh {Reflect rF+ rC+ Slay+2 SH+5}
HPRegen 0.33/turn               m - +6 ring of dexterity
MPRegen 0.16/turn               c - ring "Eklepsal" {Wiz rF- Str+3 Dex+4}

@: tree-form, studying 2 skills
A: stationary, stasis, torment immunity, boosted hp, sickness immunity, AC +10,
(big wings), negative energy resistance 1, (electricity resistance), torment
resistance 1, petrification resistance
a: Renounce Religion, Purification, Heal Other, Heal Self, Divine Vigour


You were on level 6 of the Lair of Beasts.
You worshipped Elyvilon.
Elyvilon was exalted by your worship.
You were a tree.
You visited 2 branches of the dungeon, and saw 19 of its levels.

You collected 1183 gold pieces.
You spent 224 gold pieces at shops.

Inventory:

Hand Weapons
 x - the +10 mace "Nuokil" (weapon) {vorpal, rElec rF- Dex+5}
   (You found it on level 4 of the Dungeon)

   It inflicts extra damage upon your enemies.
   Dex:       It affects your dexterity (+5).
   rF:        It makes you vulnerable to fire.
   rElec:     It insulates you from electricity.
Armour
 g - a +0 cloak
 j - a +1 kite shield of cold resistance (worn)
 p - a scarf of shadows (melded)
 t - a +0 pair of gloves (melded)
 A - a +2 buckler of reflection
 G - a +0 pair of boots (melded)
 Z - a +5 chain mail of fire resistance (melded)
Jewellery
 c - the ring "Eklepsal" (right branch) {Wiz rF- Str+3 Dex+4}
   (You found it on level 3 of the Lair of Beasts)

   [ring of wizardry]

   It improves your spell success rate.
   Str:       It affects your strength (+3).
   Dex:       It affects your dexterity (+4).
   rF:        It makes you vulnerable to fire.
 l - the amulet of Odupteh (around neck) {Reflect rF+ rC+ Slay+2 SH+5}
   (You took it off a hobgoblin on level 2 of the Dungeon)

   [amulet of reflection]

   It reflects blocked missile attacks.
   Slay:      It affects your accuracy & damage with ranged weapons and melee
   (+2).
   rF:        It protects you from fire.
   rC:        It protects you from cold.
   SH:        It affects your SH (+5).
 m - a +6 ring of dexterity (left branch)
 n - a ring of willpower
 o - a ring of protection from cold
 K - a +6 ring of strength
 N - a ring of resist corrosion
 P - a +6 ring of dexterity
 Q - a ring of see invisible
Wands
 k - a wand of digging (6)
 y - a wand of acid (13)
 J - a wand of iceblast (11)
 M - a wand of paralysis (4)
 O - a wand of flame (8)
 W - a wand of polymorph (3)
Scrolls
 a - 5 scrolls of magic mapping
 d - 12 scrolls of teleportation
 e - 2 scrolls of fear
 f - a scroll of holy word
 h - 2 scrolls of enchant weapon
 q - 5 scrolls of amnesia
 r - a scroll of summoning {unknown}
 w - 4 scrolls of vulnerability {unknown}
 B - 3 scrolls of immolation
 F - 2 scrolls of blinking
 I - 2 scrolls of fog
 T - a scroll of silence {unknown}
 Y - a scroll of identify
Potions
 b - 10 potions of curing
 u - 3 potions of attraction
 v - 3 potions of heal wounds
 z - 3 potions of resistance
 D - 3 potions of lignification
 E - 4 potions of mutation
 S - 3 potions of flight {unknown}
Miscellaneous
 U - a phantom mirror (inert)


   Skills:
 * Level 13.5 Fighting
 * Level 13.5 Maces & Flails
 - Level 10.0 Armour
 + Level 14.5 Stealth
 - Level 10.0 Shields
 + Level 2.8 Conjurations
 + Level 5.8 Air Magic
 + Level 6.2 Invocations
 + Level 4.0 Evocations


You had 11 spell levels left.
You knew the following spells:

 Your Spells              Type           Power      Damage    Failure   Level
a - Static Discharge      Conj/Air       8%         N/A       9%          2

Your spell library contained the following spells:

 Spells                   Type           Power      Damage    Failure   Level
 Corpse Rot               Necr/Air       10%        N/A       16%         2
 Apportation              Tloc           0%         N/A       32%         1
 Ensorcelled Hibernation  Hex/Ice        0%         N/A       43%         2
 Dazzling Flash           Conj/Hex       4%         N/A       45%         3
 Gell's Gravitas          Tloc           0%         N/A       65%         3
 Inner Flame              Hex/Fire       0%         N/A       65%         3
 Spider Form              Tmut/Pois      0%         N/A       65%         3
 Teleport Other           Tloc           0%         N/A       65%         3
 Sticky Flame             Conj/Fire      2%         2d3       86%         4
 Silence                  Hex/Air        2%         N/A       94%         5
 Anguish                  Hex/Necr       0%         N/A       96%         4
 Cause Fear               Hex            0%         N/A       96%         4
 Dispel Undead            Necr           0%         3d6       96%         4
 Irradiate                Conj/Tmut      1%         3d14      99%         5
 Agony                    Necr           0%         N/A       100%        5
 Alistair's Intoxication  Tmut/Pois      0%         N/A       100%        5
 Blade Hands              Tmut           0%         N/A       100%        5
 Death Channel            Necr           0%         N/A       100%        6
 Dispersal                Tloc           0%         N/A       100%        6
 Dragon Form              Tmut           0%         N/A       100%        7
 Discord                  Hex            0%         N/A       100%        8


Dungeon Overview and Level Annotations

Branches:
Dungeon (13/15)            Temple (0/1) D:6            Lair (6/6) D:11
 Shoals (0/4) Lair:4        Snake (0/4) Lair:4          Orc (0/2) D:12
 Vaults (0/5) D:13
  Slime: Lair:5-6

Altars:
Elyvilon
Hepliaklqana
Makhleb
Nemelex Xobeh
Uskayaw
Vehumet
Wu Jian
Beogh
Lugonu

Shops:
D:7 ??   D:8 [   D:12 *

Portals:
Abyss: D:5 Lair:6

Annotations:
D:6 1 transporter, psuckher's ghost, amateur BaDe
D:13 2 transporters, grumblor's ghost, journeyman VSFi


Innate Abilities, Weirdness & Mutations

You are a tree.
Your roots penetrate the ground, keeping you stationary.
You cannot be teleported.
You are immune to unholy pain and torment.
Your maximum health is greatly increased.
Your equipment is partially melded.
You are immune to sickness and miasma.
((Your stone body is resilient. (AC +10)))
You are immune to poison.
((Your large and strong wings let you fly.))
You resist negative energy. (rN+)
((You are resistant to electric shocks. (rElec)))
You are resistant to unholy torment.
You are immune to petrification.


Message History

* * * LOW HITPOINT WARNING * * *
The wolf spider hits you but does no damage.
The wolf spider bites you!
* * * LOW HITPOINT WARNING * * *
The redback bites you but does no damage.
You feel better.
You block the guardian serpent's attack.
The cane toad stings you but does no damage.
You block the wolf spider's attack. x2; You block the cane toad's attack.
The redback bites you but does no damage.
You block the guardian serpent's attack.
The cane toad stings you.
* * * LOW HITPOINT WARNING * * *
You feel much better. The wolf spider hits you.
* * * LOW HITPOINT WARNING * * *
The wolf spider bites you but does no damage.
You block the redback's attack. You block the cane toad's attack.
You block the guardian serpent's attack.
The cane toad stings you but does no damage.
The wolf spider hits you but does no damage.
The wolf spider bites you but does no damage.
You block the redback's attack.
You feel much better.
You block the guardian serpent's attack.
The cane toad stings you!
* * * LOW HITPOINT WARNING * * *
You block the wolf spider's attack. x2; You block the cane toad's attack.
The redback bites you but does no damage.
The guardian serpent hits you!
* * * LOW HITPOINT WARNING * * *
The cane toad stings you.
* * * LOW HITPOINT WARNING * * *
You hit the cane toad.
The cane toad is moderately wounded.
The redback bites you but does no damage.
You block the wolf spider's attack. x2; The cane toad stings you!
* * * LOW HITPOINT WARNING * * *
The guardian serpent casts a spell at you.
You resist with some effort. The cane toad stings you!
You die...

........##...##
...#.....##...#
...###....##..##
...P.#†#...##(.#
.....†.###....#####
....P....###......##
...........##......#
...........##..s.s.#
....P....#####.†♣F##
.......### ##SF##
...P.### #..# ...###
#..# ...#... #..#
....... .... .......
.... ....P.# .....
.....# ...


You could see a wolf spider, a guardian serpent, 2 cane toads and a redback.

Vanquished Creatures
  A vault guard (D:13)
  5 hydras
  3 boulder beetles
  2 two-headed ogres (D:9)
  4 death yaks (Lair:6)
  Sonja (Lair:1)
  3 skeletal warriors (D:13)
  A wizard (D:13)
  A lindwurm (Lair:5)
  4 ugly things (D:13)
  3 oklob plants
  A manticore (D:12)
  6 cyclopes
  4 elephants (Lair:3)
  7 black mambas
  A torpor snail (Lair:3)
  3 unseen horrors
  3 rime drakes
  3 komodo dragons
  7 cane toads
  3 meliai (D:13)
  A troll (D:11)
  2 hornets
  Prince Ribbit (Lair:1)
  A polar bear (Lair:1)
  12 blink frogs
  The ghost of bande the Covered, an amateur GrFi (D:5)
  A vampire (D:11)
  44 yaks
  A wraith (D:12)
  3 wyverns
  7 vampire mosquitoes (D:12)
  A basilisk (Lair:5)
  4 nagas (Lair:4)
  2 acid dragons (D:11)
  26 water moccasins
  Duvessa (D:7)
  3 ice beasts
  4 orc warriors
  A black bear (Lair:1)
  2 sky beasts
  A necrophage (D:6)
  An ogre (D:7)
  12 centaurs
  3 wolves (Lair:5)
  The ghost of frimble the Grasshopper, an amateur DsWr (D:3)
  A phantom (D:6)
  5 kobold brigands
  10 bullfrogs
  3 gnoll sergeants
  A scorpion (D:7)
  2 small abominations (D:5)
  Dowan (D:7)
  3 wights (D:6)
  An electric eel (Lair:3)
  7 centaur zombies
  A hound (D:6)
  A bullfrog skeleton (D:5)
  4 jellies
  Crazy Yiuf (D:6)
  A centaur skeleton (D:6)
  7 orc priests
  2 gnoll shamans
  Ijyb (D:5)
  3 iguanas
  10 orc wizards
  2 howler monkey zombies
  35 gnolls
  A howler monkey skeleton (D:7)
  6 adders
  2 shadow imps
  A white imp (D:5)
  2 ufetubi
  An adder skeleton (D:4)
  A worm (D:4)
  5 dart slugs
  22 orcs
  2 ball pythons
  6 endoplasms
  5 giant cockroaches
  4 goblins
  5 hobgoblins
  3 jackals (D:1)
  21 kobolds
  A quokka (D:2)
  A bat (D:2)
  2 frilled lizards
  2 rats
  A lurking horror (Lair:6)
398 creatures vanquished.

Vanquished Creatures (others)
  A wizard (D:13)
  A spriggan (D:13)
  12 fungi
  A lurking horror (Lair:6)
  28 plants
43 creatures vanquished.

Grand Total: 441 creatures vanquished

Notes
Turn   | Place    | Note
-------+----------+-------------------------------------------
     0 | D:1      | hashsling the Gargoyle Fighter began the quest for the Orb.
     0 | D:1      | Reached XP level 1. HP: 14/14 MP: 1/1
   176 | D:1      | Reached XP level 2. HP: 19/19 MP: 2/2
   457 | D:1      | Reached XP level 3. HP: 15/23 MP: 3/3
   924 | D:2      | Identified the amulet of Odupteh {Reflect rF+ rC+ Slay+2
                  | SH+5}
  1083 | D:2      | Reached XP level 4. HP: 29/29 MP: 4/4
  1514 | D:3      | Found a faded altar of an unknown god.
  1576 | D:3      | Found a runed translucent door.
  1576 | D:3      | Noticed frimble's ghost (amateur DsWr)
  1984 | D:3      | Reached XP level 5. HP: 32/33 MP: 5/5
  2667 | D:4      | Noticed a centaur
  2693 | D:4      | Killed a centaur
  2694 | D:4      | Reached XP level 6. HP: 14/39 MP: 6/6
  2985 | D:4      | Identified the +10 mace "Nuokil" {vorpal, rElec rF- Dex+5}
  3165 | D:5      | Entered Level 5 of the Dungeon
  3204 | D:5      | Found a large runed translucent door.
  3205 | D:5      | Found a large runed translucent door.
  3212 | D:5      | Noticed Ijyb
  3221 | D:5      | Killed Ijyb
  3336 | D:5      | Found a transporter.
  3350 | D:5      | Reached skill level 5 in Shields
  3379 | D:5      | Reached skill level 5 in Armour
  3383 | D:5      | Reached skill level 5 in Fighting
  3383 | D:5      | Reached XP level 7. HP: 40/44 MP: 7/7
  3422 | D:5      | Found a transporter.
  3426 | D:5      | Found a one-way gate to the infinite horrors of the Abyss.
  3426 | D:5      | Noticed bande's ghost (amateur GrFi)
  3698 | D:5      | Found a white marble altar of Elyvilon.
  3713 | D:5      | Found a sparkling altar of Nemelex Xobeh.
  3725 | D:5      | Became a worshipper of Elyvilon the Healer
  3864 | D:3      | Killed frimble's ghost
  3990 | D:5      | HP: 1/44 [bande's ghost (11)]
  3994 | D:5      | Killed bande's ghost
  3995 | D:5      | Reached XP level 8. HP: 25/51 MP: 8/8
  4228 | D:5      | Reached skill level 5 in Maces & Flails
  4300 | D:6      | Found a transporter.
  4300 | D:6      | Noticed psuckher's ghost (amateur BaDe)
  4300 | D:6      | Identified the +8 dire flail "Beetleslayer" {vamp, Int+7
                  | Dex+2}
  4767 | D:6      | Reached XP level 9. HP: 36/56 MP: 9/9
  5253 | D:6      | Reached skill level 1 in Stealth
  5273 | D:6      | Reached skill level 2 in Stealth
  5399 | D:6      | Found a staircase to the Ecumenical Temple.
  5443 | D:6      | Found a runed translucent door.
  5564 | D:6      | Noticed Crazy Yiuf
  5570 | D:6      | Killed Crazy Yiuf
  5640 | D:7      | Reached skill level 3 in Stealth
  5926 | D:7      | Found Arauh's Magic Scroll Shop.
  5934 | D:7      | Bought a scroll of identify for 28 gold pieces
  5934 | D:7      | Bought a scroll of teleportation for 42 gold pieces
  5934 | D:7      | Bought a scroll of blinking for 105 gold pieces
  5934 | D:7      | Bought a scroll of fear for 49 gold pieces
  5959 | D:7      | Reached * piety under Elyvilon
  5960 | D:7      | Found Rut Goirphext's Magic Scroll Shop.
  5994 | D:7      | You fall into a shaft and drop 1 floor!
  6035 | D:8      | Reached skill level 4 in Stealth
  6150 | D:7      | Noticed Duvessa
  6151 | D:7      | Noticed Dowan
  6156 | D:7      | Killed Duvessa
  6162 | D:7      | Killed Dowan
  6201 | D:7      | Reached skill level 5 in Stealth
  6550 | D:7      | Reached XP level 10. HP: 64/64 MP: 10/10
  6961 | D:8      | Noticed a cyclops
  6972 | D:8      | Reached skill level 6 in Stealth
  6978 | D:8      | Killed a cyclops
  7113 | D:8      | Reached ** piety under Elyvilon
  7292 | D:8      | Found Vepociul's Armour Emporium.
  7446 | D:9      | Noticed a two-headed ogre
  7452 | D:9      | Killed a two-headed ogre
  7453 | D:9      | Reached skill level 7 in Stealth
  7682 | D:9      | Reached *** piety under Elyvilon
  7796 | D:9      | Reached skill level 8 in Stealth
  7838 | D:9      | Noticed a two-headed ogre
  7846 | D:9      | Killed a two-headed ogre
  8080 | D:10     | Entered Level 10 of the Dungeon
  8115 | D:10     | Reached skill level 9 in Stealth
  8118 | D:10     | Reached XP level 11. HP: 56/71 MP: 11/11
  8300 | D:10     | Reached skill level 10 in Maces & Flails
  8398 | D:10     | Reached skill level 10 in Stealth
  8738 | D:10     | Found a burning altar of Makhleb.
  8850 | D:10     | Found a radiant altar of Vehumet.
  8968 | D:11     | Reached **** piety under Elyvilon
  9144 | D:11     | Noticed a cyclops
  9145 | D:11     | Noticed a boulder beetle
  9164 | D:11     | Killed a cyclops
  9170 | D:11     | Noticed a cyclops
  9191 | D:11     | Killed a boulder beetle
  9406 | D:11     | Killed a cyclops
  9760 | D:11     | Reached skill level 10 in Fighting
 10035 | D:11     | Noticed an oklob plant
 10140 | D:11     | Found a staircase to the Lair.
 10344 | D:11     | Noticed a cyclops
 10355 | D:11     | Killed a cyclops
 10443 | D:12     | Found a staircase to the Orcish Mines.
 10455 | D:12     | Noticed a cyclops
 10470 | D:11     | Reached skill level 11 in Stealth
 10484 | D:12     | Killed a cyclops
 10560 | D:12     | Reached ***** piety under Elyvilon
 11038 | D:12     | Reached skill level 1 in Invocations
 11045 | D:12     | Reached XP level 12. HP: 27/78 MP: 12/12
 11328 | D:12     | Found Bybump's General Store.
 12279 | D:13     | Noticed a boulder beetle
 12299 | D:13     | Killed a boulder beetle
 12300 | D:13     | Reached skill level 12 in Stealth
 12885 | D:13     | Noticed grumblor's ghost (journeyman VSFi)
 12887 | D:13     | Found a transporter.
 12892 | D:13     | Found a transporter.
 12897 | D:13     | Identified 2 scrolls of acquirement
 12901 | D:13     | Acquired a manual of Air Magic
 12993 | D:13     | Found a gate to the Vaults.
 12993 | D:13     | Noticed a vault guard
 13006 | D:13     | Killed a vault guard
 13199 | D:13     | Reached skill level 1 in Air Magic
 13517 | D:13     | Noticed a five-headed hydra
 13526 | D:13     | Killed a five-headed hydra
 13830 | D:13     | Reached skill level 1 in Evocations
 14178 | D:13     | Noticed a minotaur
 14179 | D:13     | Noticed a minotaur
 14183 | D:13     | Noticed a minotaur
 14799 | Lair:1   | Entered Level 1 of the Lair of Beasts
 14800 | Lair:1   | Noticed Prince Ribbit
 14808 | Lair:1   | Reached XP level 13. HP: 83/85 MP: 15/15
 14818 | Lair:1   | Killed Prince Ribbit
 15164 | Lair:1   | Found a hazy altar of Hepliaklqana.
 15202 | Lair:1   | Noticed Sonja
 15209 | Lair:1   | Killed Sonja
 15806 | Lair:2   | Found a hide-covered altar of Uskayaw.
 15806 | Lair:2   | Found an ornate altar of the Wu Jian Council.
 15852 | Lair:2   | Reached ****** piety under Elyvilon
 15864 | Lair:2   | Elyvilon protects you from harm!
 15888 | Lair:2   | Reached skill level 13 in Stealth
 15906 | Lair:2   | HP: 2/86 [blink frog (5)]
 16356 | Lair:2   | Learned a level 2 spell: Static Discharge
 17084 | Lair:3   | Reached skill level 10 in Armour
 17115 | Lair:3   | Reached skill level 10 in Shields
 17512 | Lair:3   | Found a runed translucent door.
 17537 | Lair:3   | Reached skill level 5 in Invocations
 17754 | Lair:3   | Acquired a +1 kite shield of cold resistance
 18039 | Lair:3   | Identified the ring "Eklepsal" {Wiz rF- Str+3 Dex+4}
 18285 | Lair:4   | Found a staircase to the Shoals.
 18609 | Lair:4   | Found a staircase to the Snake Pit.
 19067 | Lair:5   | Reached skill level 1 in Conjurations
 19180 | Lair:5   | Gained mutation: Your large and strong wings let you fly.
                  | [Gargoyle growth]
 19180 | Lair:5   | Reached XP level 14. HP: 94/94 MP: 18/18
 19307 | Lair:5   | Reached skill level 14 in Stealth
 19307 | Lair:5   | Reached skill level 5 in Air Magic
 20280 | Lair:6   | Entered Level 6 of the Lair of Beasts
 20366 | Lair:6   | Elyvilon protects you from harm!
 20789 | Lair:6   | Found a corrupted altar of Lugonu.
 20883 | Lair:6   | Slain by a cane toad

Illustrated notes

Levels and vault maps discovered:
D:1:      dpeg_arrival_simpleton_b, layout_rooms
D:2:      layout_basic, minmay_pentomino_p2
D:3:      layout_basic, hellmonk_ghost_happy_afterlife,
          hellmonk_ecumenical_altar_arch_garden, kennysheep_orc_chapel
D:4:      layout_cave_pods, minmay_distorted
D:5:      layout_basic, jmf_multi_god_temple2, gammafunk_ghost_abyssal_escape,
          uniq_ijyb
D:6:      layout_rooms, minmay_temple_entry_enclosed_plants,
          gammafunk_ghost_smash, minmay_manual_mares, uniq_crazy_yiuf_cottage
D:7:      layout_gridville, serial_shops, shop, shop, uniq_duvessa
D:8:      layout_rooms, serial_shops, nicolae_lakefront_shop
D:9:      layout_irregular_city
D:10:     layout_cave_pools, overflow_temple_1_default, lemuel_tele_altar
D:11:     layout_stronghold, dpeg_oklobed_lair
D:12:     layout_irregular_city, orc_0_dummy, serial_shops,
          nicolae_shop_behind_doors
D:13:     dreamdust_experimentation, layout_loops_ring, david_vaults_5,
          gammafunk_ghost_hive, grunt_decor_mini_mirrors
Lair:1:   layout_big_grid, lemuel_oklob_altar, uniq_sonja, uniq_prince_ribbit2
Lair:2:   layout_cave_pods, nzn_masters_of_martial_movement
Lair:3:   layout_long_grid, chequers_serial_rivers_large_b,
          nicolae_quartered_pool_little, st_stairs_13, pf_torpor_hydra
Lair:4:   layout_hall_layers, minmay_shoals_entry_centaurs,
          guppyfry_snake_entry_garden
Lair:5:   layout_hall_layers, grunt_megastairs_5
Lair:6:   hangedman_lair_tendril_chambers, layout_regular_city, wormcave,
          slime_altar_2, basic_altar, chequers_serial_rivers_micro_d,
          chequers_serial_rivers_micro_a, minivault_24,
          amcnicky_altar_lugonu_corruption

Skill      XL: |  1  2  3  4  5  6  7  8  9 10 11 12 13 14 |
---------------+-------------------------------------------+-----
Shields        | 4 5 6 7 8 9 10 | 10.0
Fighting       | 4 5 6 7 9 10 11 13 | 13.5
Armour         | 4 5 6 7 8 9 10 | 10.0
Maces & Flails | 3 4 5 7 9 11 12 13 | 13.5
Stealth        | 5 9 11 12 13 14 | 14.5
Invocations    | 1 3 5 6 |  6.2
Air Magic      | 2 4 5 |  5.8
Evocations     | 1 3 4 |  4.0
Conjurations   | 1 2 |  2.8

Action                   |  1- 3 |  4- 6 |  7- 9 | 10-12 | 13-15 || total
-------------------------+-------+-------+-------+-------+-------++-------
Melee: Flail             |    84 |   128 |       |       |       ||   212
       Mace              |       |    20 |   228 |   455 |   503 ||  1206
Throw: Throwing net      |       |     1 |       |       |       ||     1
Invok: Heal Self         |       |       |       |     1 |     5 ||     6
Evoke: Wand              |       |       |     1 |    29 |     4 ||    34
       Phantom mirror    |       |       |       |       |     1 ||     1
  Use: Potion            |       |     1 |     1 |     1 |     7 ||    10
       Scroll            |       |     2 |     5 |    16 |     6 ||    29
 Stab: Sleeping          |       |       |       |     6 |     8 ||    14
       Distracted        |       |       |       |       |     2 ||     2
       Petrified         |       |       |       |       |     1 ||     1
Armor: Scale mail        |    38 |       |     9 |   213 |   155 ||   415
       Chain mail        |       |    98 |   109 |       |    40 ||   247
       Skin              |       |       |       |       |    51 ||    51
Dodge: Dodged            |    44 |    31 |    74 |   108 |   121 ||   378
Block: Buckler           |    30 |    70 |   157 |   258 |   133 ||   648
       Reflection        |       |     3 |     7 |    13 |    16 ||    39
       Kite shield       |       |       |       |       |   298 ||   298

Table legend: (Time is in decaauts)
 A = Elapsed time spent in this place.
 B = Non-inter-level travel time spent in this place.
 C = Inter-level travel time spent in this place.
 D = Time resting spent in this place.
 E = Time spent auto-exploring this place.
 F = Levels seen in this place.
 G = Mean time per level.
                   A        B        C        D        E       F      G
               +--------+--------+--------+--------+--------+-----+--------+
         Total |  20891 |  19690 |   1201 |    580 |  14926 |  19 | 1099.5 |
       Dungeon |  14866 |  13905 |    961 |    580 |  10400 |  13 | 1143.5 |
          Lair |   6025 |   5785 |    240 |      0 |   4526 |   6 | 1004.2 |
               +--------+--------+--------+--------+--------+-----+--------+

Top non-repeatable levels by time:
    D:13: 1964 daAuts
    D:11: 1879 daAuts
    D:12: 1486 daAuts
     D:5: 1401 daAuts
     D:7: 1260 daAuts
     D:4: 1257 daAuts
  Lair:2: 1247 daAuts
  Lair:5: 1232 daAuts
  Lair:3: 1137 daAuts
  Lair:1: 1019 daAuts
     D:6: 929 daAuts
    D:10: 913 daAuts
     D:9: 842 daAuts
     D:1: 807 daAuts
  Lair:4: 800 daAuts
